Map: Royal Blood LE

Players

Krystianer

  • Race: Protoss Protoss
  • Spawn Location: 1:00

RagnaroK (SHIN) - Winner!

  • Race: Zerg Zerg
  • Spawn Location: 7:00

Event: ESL SC2 Masters 2023 Summer (Finals)

VOD

Have the link to the VOD?

Description

Time

  • Played on: June 16, 2023, 11:46 a.m.
  • Length: 7:49

All games in this series

Show
View Real Time Build Order
Export as new Build Order

Krystianer Protoss 

Build Orders: 1 Gate Expand, Oracle Opening 

Get SALT Encoding   

  12  0:00  Probe  
  13  0:12  Probe  
  14  0:19  Pylon  
  14  0:24  Probe (Chrono Boost)  
  15  0:38  Probe (Chrono Boost)  
  15  0:40  Gateway  
  16  0:46  Probe (Chrono Boost)  
  16  0:47  Assimilator  
  17  0:52  Probe  
  18  1:04  Probe  
  19  1:16  Probe  
  20  1:42  Nexus  
  20  1:47  Probe  
  21  1:58  Cybernetics Core  
  21  2:02  Probe  
  21  2:07  Assimilator  
  22  2:14  Probe  
  23  2:17  Pylon  
  23  2:33  Adept (Chrono Boost)  
  23  2:35  Probe  
  26  2:44  Stargate  
  26  2:48  Probe  
  27  2:53  Adept (Chrono Boost)  
  27  2:56  Probe (Chrono Boost)  
  30  2:58  Warp Gate  
  30  3:05  Probe (Chrono Boost)  
  31  3:07  Probe (Chrono Boost)  
  33  3:12  Probe (Chrono Boost)  
  33  3:13  Probe (Chrono Boost)  
  36  3:22  Probe  
  36  3:24  Probe, Oracle (Chrono Boost)  
  39  3:34  Probe  
  39  3:35  Stalker  
  39  3:36  Probe  
  43  3:46  Probe  
  45  3:48  Probe  
  41  3:57  Shield Battery  
  41  3:58  Probe  
  41  4:00  Probe, Gateway  
  41  4:02  Assimilator  
  43  4:04  Assimilator  
  43  4:07  Pylon  
  43  4:08  Phoenix  
  45  4:10  Probe  
  46  4:21  Pylon  
  46  4:25  Probe x2  
  46  4:28  Stargate  
  48  4:36  Pylon  
  48  4:37  Probe x2  
  48  4:38  Phoenix (Chrono Boost)  
  52  4:41  Pylon  
  52  4:49  Probe  
  52  4:51  Probe  
  54  4:56  Phoenix (Chrono Boost)  
  56  5:01  Nexus  
  56  5:03  Pylon  
  56  5:06  Probe  
  56  5:07  Probe  
  58  5:17  Phoenix (Chrono Boost)  
  58  5:18  Phoenix (Chrono Boost)  
  58  5:19  Probe  
  63  5:24  Adept x2  
  63  5:27  Probe  
  68  5:33  Phoenix (Chrono Boost)  
  68  5:42  Pylon  
  66  5:44  Adept  
  66  5:45  Adept  
  66  5:47  Shield Battery  
  66  5:49  Phoenix  
  72  5:53  Probe (Chrono Boost)  
  72  5:55  Probe (Chrono Boost)  
  74  6:03  Probe (Chrono Boost)  
  75  6:06  Twilight Council  
  75  6:07  Probe (Chrono Boost), Forge  
  77  6:13  Adept x2  
  77  6:14  Probe (Chrono Boost)  
  83  6:20  Probe (Chrono Boost)  
  83  6:22  Probe (Chrono Boost)  
  83  6:23  Oracle (Chrono Boost)  
  87  6:31  Probe (Chrono Boost)  
  87  6:32  Probe (Chrono Boost)  
  89  6:34  Probe (Chrono Boost)  
  89  6:35  Adept x2, Oracle (Chrono Boost)  
  94  6:44  Pylon  
  88  6:52  Probe x2  
  85  6:55  Adept  
  85  6:57  Adept  
  87  7:03  Probe, Shield Battery  
  87  7:04  Probe  
  87  7:05  Shield Battery  
  87  7:07  Probe  
  94  7:18  Probe  
  86  7:25  Probe  
  82  7:30  Adept x2  
  82  7:45  Nexus  
  82  7:47  Shield Battery  
Show
View Real Time Build Order
Export as new Build Order

RagnaroK Zerg - Winner!

Build Orders: 3 Hatch before Pool 

Get SALT Encoding   

  12  0:00  Drone  
  13  0:07  Drone  
  14  0:17  Overlord  
  14  0:21  Extractor  
  13  0:24  Drone  
  15  0:35  Drone x2  
  17  0:52  Hatchery  
  17  0:56  Drone  
  17  1:00  Drone  
  18  1:19  Hatchery  
  18  1:22  Drone  
  18  1:25  Extractor  
  18  1:26  Evolution Chamber  
  18  1:29  Drone, Spawning Pool  
  18  1:32  Drone  
  18  1:37  Drone  
  20  1:48  Drone  
  21  2:00  Drone  
  22  2:04  Hatchery  
  21  2:13  Drone  
  22  2:24  Overlord  
  22  2:30  Queen  
  22  2:31  Queen  
  22  2:32  Drone  
  22  2:36  Metabolic Boost  
  27  2:39  Zergling x2  
  27  2:42  Zergling x2  
  29  2:45  Drone  
  30  2:53  Drone x2  
  32  3:03  Overlord  
  32  3:05  Zergling x2  
  33  3:06  Queen  
  35  3:14  Zergling x2  
  35  3:18  Zergling x4  
  38  3:21  Queen  
  38  3:22  Queen  
  38  3:26  Drone x2  
  44  3:28  Drone  
  45  3:34  Overlord  
  45  3:35  Drone  
  45  3:39  Drone x3  
  49  3:41  Drone  
  49  3:46  Drone  
  49  3:48  Drone  
  50  3:53  Drone x2  
  50  3:54  Drone  
  51  3:58  Drone  
  51  4:00  Drone  
  54  4:02  Drone  
  54  4:05  Spore Crawler  
  54  4:07  Drone  
  54  4:10  Drone x2  
  54  4:14  Drone  
  57  4:20  Overlord  
  57  4:24  Overlord  
  57  4:27  Spore Crawler  
  57  4:29  Drone  
  57  4:30  Overlord  
  57  4:34  Overlord, Spore Crawler  
  57  4:36  Drone  
  57  4:38  Queen  
  59  4:39  Drone x2  
  59  4:43  Drone x3  
  59  4:44  Drone  
  65  4:46  Drone  
  65  4:48  Drone  
  65  4:49  Drone  
  68  4:54  Drone x2, Evolution Chamber  
  68  4:57  Drone x2  
  71  5:04  Zergling x10  
  76  5:07  Drone  
  76  5:08  Drone x2  
  78  5:15  Extractor, Baneling Nest  
  78  5:19  Drone x3  
  78  5:20  Drone  
  80  5:23  Zerg Melee Weapons Level 1  
  80  5:24  Overlord  
  80  5:25  Overlord x2  
  80  5:32  Extractor, Overlord  
  80  5:35  Overlord  
  79  5:38  Overlord  
  79  5:40  Overlord  
  79  5:42  Zergling x8  
  81  5:45  Zergling x10  
  86  5:51  Roach Warren, Lair  
  86  5:52  Drone x2  
  87  5:58  Drone  
  87  6:01  Hatchery  
  85  6:05  Zergling x10  
  89  6:13  Baneling x6  
  89  6:14  Drone, Baneling  
  89  6:15  Drone x3  
  89  6:17  Queen  
  95  6:23  Spore Crawler  
  95  6:24  Spore Crawler  
  95  6:25  Spore Crawler, Baneling  
  92  6:26  Zergling x6  
  95  6:34  Zergling x12  
  95  6:36  Extractor  
  98  6:41  Zergling x12  
  98  6:45  Zergling x8  
  104  6:49  Drone x2  
  104  6:53  Hydralisk Den  
  98  6:59  Drone  
  98  7:00  Drone  
  98  7:01  Drone x3  
  101  7:02  Drone x2  
  101  7:03  Extractor, Zergling x4  
  101  7:07  Zergling x6  
  107  7:11  Zergling x2  
  107  7:12  Zergling x2  
  105  7:15  Zergling x4  
  101  7:23  Hydralisk x4  
  110  7:34  Drone  
  110  7:35  Drone x3  
Tags
 
Add a new tag
Caveats
  • Supply blocks, unpowered buildings, or Contaminate may cause inaccurate times.
  • Supply counts are checked every 10 seconds.